Map: [ESL] Inside and Out

Players

SlavaZA

  • Race: Protoss Protoss
  • Spawn Location: 7:00

BabyMarine - Winner!

  • Race: Terran Terran
  • Spawn Location: 1:00

Event: DreamHack SC2 Masters 2022 Valencia

VOD

Have the link to the VOD?

Description

Time

  • Played on: July 1, 2022, 5:35 a.m.
  • Length: 7:11

All games in this series

Show
View Real Time Build Order
Export as new Build Order

SlavaZA Protoss 

Build Orders: 1 Gate Expand 

Get SALT Encoding   

  12  0:00  Probe  
  13  0:12  Probe  
  14  0:18  Pylon  
  14  0:26  Probe  
  15  0:37  Gateway  
  15  0:40  Probe (Chrono Boost)  
  16  0:52  Probe (Chrono Boost), Assimilator  
  16  0:57  Probe (Chrono Boost)  
  18  1:06  Probe  
  19  1:18  Probe  
  20  1:30  Nexus, Probe  
  21  1:37  Cybernetics Core  
  21  1:44  Probe  
  21  1:45  Assimilator  
  22  1:56  Pylon, Probe  
  23  2:11  Stalker (Chrono Boost)  
  23  2:14  Probe  
  26  2:15  Warp Gate  
  26  2:26  Probe  
  27  2:34  Stalker  
  29  2:42  Probe  
  29  2:56  Probe x2 (Chrono Boost)  
  29  2:57  Twilight Council  
  31  3:04  Stalker  
  33  3:08  Probe (Chrono Boost)  
  35  3:13  Probe (Chrono Boost)  
  35  3:14  Probe (Chrono Boost)  
  35  3:17  Gateway  
  35  3:18  Probe (Chrono Boost)  
  37  3:22  Probe  
  37  3:25  Robotics Facility  
  38  3:30  Probe  
  39  3:34  Probe  
  40  3:59  Charge (Chrono Boost)  
  40  4:02  Gateway  
  40  4:04  Gateway  
  40  4:06  Gateway  
  40  4:11  Pylon  
  40  4:14  Stalker  
  40  4:16  Warp Prism  
  44  4:24  Gateway  
  44  4:26  Gateway  
  44  4:30  Gateway  
  44  4:32  Gateway  
  44  4:45  Zealot x2  
  39  5:00  Probe x2  
  41  5:08  Pylon  
  41  5:12  Probe x2  
  43  5:15  Zealot x5  
  53  5:24  Probe  
  53  5:26  Probe  
  55  5:31  Zealot x3  
  61  5:35  Pylon  
  61  5:38  Pylon  
  59  5:55  Zealot x5  
  59  5:56  Stalker  
  71  5:57  Stalker  
  71  6:02  Stalker x2  
  75  6:04  Zealot  
  67  6:19  Zealot x5  
  55  6:41  Zealot x6  
  50  6:56  Zealot x3  
  50  6:57  Zealot  
Show
View Real Time Build Order
Export as new Build Order

BabyMarine Terran - Winner!

Build Orders: Reaper Expand 

Get SALT Encoding   

  12  0:00  SCV  
  13  0:13  SCV  
  14  0:17  Supply Depot  
  14  0:25  SCV  
  15  0:39  SCV  
  15  0:40  Barracks  
  16  0:43  Refinery  
  16  0:51  SCV  
  17  1:03  SCV  
  18  1:15  SCV  
  19  1:27  Orbital Command, Reaper  
  20  1:42  Command Center  
  20  1:51  Supply Depot  
  20  1:53  SCV  
  21  1:58  Marine  
  22  2:06  Factory  
  22  2:09  SCV  
  23  2:17  Bunker  
  23  2:20  Barracks Reactor  
  23  2:22  SCV  
  24  2:28  Refinery  
  24  2:34  SCV  
  25  2:46  SCV  
  26  2:53  Hellion  
  26  2:56  Orbital Command  
  26  2:58  Marine, Starport  
  29  3:00  Marine  
  29  3:04  SCV  
  31  3:15  Widow Mine  
  31  3:16  SCV, Marine  
  31  3:18  Marine  
  36  3:21  SCV  
  36  3:23  Supply Depot  
  37  3:29  SCV  
  37  3:33  SCV  
  39  3:34  Medivac  
  39  3:36  Widow Mine  
  39  3:41  SCV  
  44  3:46  Marine x2  
  44  3:47  SCV  
  44  3:49  Supply Depot  
  44  3:53  SCV  
  45  3:57  Factory Tech Lab  
  45  4:00  SCV  
  46  4:04  Starport Tech Lab  
  46  4:05  SCV  
  46  4:07  Barracks  
  46  4:09  Marine x2  
  49  4:12  SCV  
  49  4:14  Supply Depot  
  49  4:16  Siege Tank  
  53  4:17  SCV  
  53  4:22  Barracks  
  54  4:24  SCV  
  54  4:27  Marine  
  54  4:30  Marine  
  57  4:32  Raven  
  57  4:33  SCV  
  57  4:36  Supply Depot  
  57  4:37  SCV  
  61  4:44  Refinery  
  61  4:45  Engineering Bay, SCV, Marine  
  62  4:58  Bunker  
  62  4:59  SCV x2  
  64  5:00  Supply Depot, Widow Mine  
  64  5:06  Engineering Bay  
  66  5:07  Supply Depot, Marine x3  
  66  5:12  Stimpack  
  69  5:14  SCV x2  
  69  5:20  Supply Depot  
  71  5:23  Widow Mine  
  71  5:25  Marine x2  
  71  5:26  SCV x2  
  77  5:32  Medivac, Combat Shield, Marine  
  80  5:39  SCV x2  
  82  5:45  Reaper, Marine x2  
  85  5:50  Marine  
  85  5:51  SCV, Factory Reactor  
  85  5:52  SCV  
  88  5:59  Supply Depot x2  
  88  6:02  Starport Reactor  
  88  6:03  Marine  
  89  6:08  Marine  
  89  6:09  Marine  
  89  6:10  SCV  
  89  6:11  Refinery  
  92  6:17  Marine  
  90  6:20  Marine  
  82  6:26  SCV x2, Marine x2  
  83  6:34  Bunker  
  83  6:35  Marine, Widow Mine x2  
  83  6:36  Bunker  
  83  6:38  Marine  
  88  6:41  Bunker  
  88  6:43  Bunker, SCV  
  88  6:44  Marine  
  88  6:45  Marauder  

Tags
 
Add a new tag
Caveats
  • Supply blocks, unpowered buildings, or Contaminate may cause inaccurate times.
  • Supply counts are checked every 10 seconds.